 Dungeon Crawl Stone Soup version 0.27-a0-686-gaed091b46b (webtiles) character file.

Game seed: 645258414471278589

128 Allula97 the Chopper (level 4, -3/34 HPs)
             Began as a Demonspawn Gladiator on Mar 21, 2021.
             Was an Initiate of Ashenzari.
             Slain by a river rat (7 damage)
             ... in a sewer.
             The game lasted 00:04:54 (1783 turns).

Allula97 the Chopper (Demonspawn Gladiator)         Turns: 1783, Time: 00:04:55

Health: -3/34      AC:  5    Str: 16    XL:     4   Next: 87%
Magic:  4/4        EV: 13    Int:  9    God:    Ashenzari [......]
Gold:   64         SH:  0    Dex: 16    Spells: 3/3 levels left

rFire    . . .     SeeInvis .   a - +0 war axe
rCold    . . .     Faith    .   (no shield)
rNeg     . . .     Spirit   .   b - +0 leather armour
rPois    .         Reflect  .   c - +0 helmet
rElec    .         Harm     .   (no cloak)
rCorr    .         Rampage  .   i - +0 pair of gloves
Will     .....                  (no boots)
Stlth    +++.......             (no amulet)
HPRegen  0.11/turn              (no ring)
MPRegen  0.09/turn              (no ring)

@: no status effects
A: talons 1, thin skeletal structure 1, foul stench 1
a: Renounce Religion


You were in a sewer.
You worshipped Ashenzari.
Ashenzari was noncommittal.
You visited 1 branch of the dungeon, and saw 3 of its levels.
You also visited: Sewer.

You collected 64 gold pieces.

Inventory:

Hand Weapons
 a - a +0 war axe (weapon)
Missiles
 d - 3 throwing nets (quivered)
Armour
 b - a +0 leather armour (worn)
 c - a +0 helmet (worn)
 i - a +0 pair of gloves (worn)
Scrolls
 f - a scroll of identify
 g - 3 scrolls of teleportation
 h - a scroll of brand weapon
 j - a scroll of fog
Potions
 e - a potion of mutation


   Skills:
 * Level 2.7 Fighting
 * Level 3.9 Axes
 - Level 1.7 Throwing
 * Level 1.1 Armour
 * Level 3.2 Dodging
 * Level 1.3 Stealth


You had 3 spell levels left.
You didn't know any spells.
Your spell library was empty.

Dungeon Overview and Level Annotations

Branches:
Dungeon (3/15)              Sewer (1/1)

Altars:
Ashenzari
Sif Muna


Innate Abilities, Weirdness & Mutations

You have sharp toenails.
You have a somewhat thin skeletal structure. (Dex +2, Stealth)
You may rarely emit foul miasma when damaged in melee.


Message History

The river rat is severely wounded.
The river rat closely misses you. The river rat bites you.
You hit the river rat.
The river rat is almost dead.
The river rat barely misses you.
You hit the river rat.
You kill the river rat!
You completely miss the river rat. Your kick misses the river rat.
You hit the rat.
You kill the rat!
The river rat bites you!
* * * LOW HITPOINT WARNING * * *
You emit a cloud of foul miasma!
The river rat is engulfed in dark miasma.
The river rat is poisoned.
The river rat seems to slow down.
You kill the river rat!
Okay, then.
The rat barely misses you.
There is an empty arch of ancient stone here.
You see here a river rat corpse.
You hit the rat.
You kill the rat!
You see here a rat corpse.
The river rat misses you.
There is an empty arch of ancient stone here.
You see here a river rat corpse.
You hit the river rat but do no damage. Your kick misses the river rat.
The river rat bites you.
* * * LOW HITPOINT WARNING * * *
You hit the river rat.
You claw the river rat, but do no damage.
The river rat is lightly wounded.
The river rat barely misses you. The river rat misses you.
You completely miss the river rat. Your kick misses the river rat.
The river rat is lightly wounded.
The river rat barely misses you.
You hit the river rat. Your kick misses the river rat.
The river rat is moderately wounded.
The river rat bites you!
You die... ################ #....∩†@r.....≈≈ ################

You could see a river rat.

Vanquished Creatures
  6 adders (D:2)
  3 river rats
  A worm (D:3)
  3 leopard geckos
  A ball python (D:1)
  2 giant cockroaches
  3 goblins (D:2)
  3 hobgoblins
  7 jackals
  4 kobolds
  A quokka (D:1)
  3 bats
  2 frilled lizards
  3 rats
42 creatures vanquished.

Notes
Turn   | Place    | Note
-------+----------+-------------------------------------------
     0 | D:1      | Allula97 the Demonspawn Gladiator began the quest for the
                  | Orb.
     0 | D:1      | Reached XP level 1. HP: 16/16 MP: 1/1
   188 | D:1      | Gained mutation: You have sharp toenails. [demonic
                  | ancestry]
   188 | D:1      | Reached XP level 2. HP: 18/22 MP: 2/2
   895 | D:2      | Gained mutation: You have a somewhat thin skeletal
                  | structure. (Dex +2, Stealth) [demonic ancestry]
   895 | D:2      | Reached XP level 3. HP: 21/27 MP: 3/3
   997 | D:2      | Found a shimmering blue altar of Sif Muna.
   997 | D:2      | Found a broken altar of Ashenzari.
  1001 | D:2      | Became a worshipper of Ashenzari the Shackled
  1347 | D:2      | Gained mutation: You may rarely emit foul miasma when
                  | damaged in melee. [demonic ancestry]
  1347 | D:2      | Reached XP level 4. HP: 30/34 MP: 4/4
  1404 | D:2      | Reached skill level 1 in Armour
  1404 | D:2      | Reached skill level 1 in Stealth
  1754 | D:3      | Found a glowing drain.
  1764 | Sewer    | Entered a sewer
  1783 | Sewer    | Slain by a river rat

Illustrated notes

Levels and vault maps discovered:
D:1:      mrwooster_arrival_statue_2, layout_loops_ring
D:2:      layout_rooms, gammafunk_temple_overflow_wave,
          wander_ebering_terrifying_dragon_lair
D:3:      cheibrodos_fertilizer, layout_basic, cheibrodos_sewer_entry_sluice
Sewer:    sewer_kobolds

Skill      XL: |  1  2  3  4 |
---------------+-------------+-----
Axes           | 3 |  3.9
Dodging        | 3 |  3.2
Armour         | 1 |  1.1
Stealth        | 1 |  1.3
Fighting       | |  2.7
Throwing       | |  1.7

Action                   |  1- 3 |  4- 6 || total
-------------------------+-------+-------++-------
Melee: War axe           |    68 |    35 ||   103
       Kick              |     8 |     7 ||    15
  Use: Scroll            |     1 |       ||     1
 Stab: Sleeping          |     2 |     3 ||     5
Armor: Leather armour    |    23 |    10 ||    33
Dodge: Dodged            |    66 |    36 ||   102

Table legend: (Time is in decaauts)
 A = Elapsed time spent in this place.
 B = Non-inter-level travel time spent in this place.
 C = Inter-level travel time spent in this place.
 D = Time resting spent in this place.
 E = Time spent auto-exploring this place.
 F = Levels seen in this place.
 G = Mean time per level.
                   A        B        C        D        E       F      G
               +--------+--------+--------+--------+--------+-----+--------+
         Total |   1815 |   1714 |    101 |      0 |   1303 |   4 |  453.8 |
       Dungeon |   1793 |   1692 |    101 |      0 |   1303 |   3 |  597.7 |
         Sewer |     22 |     22 |      0 |      0 |      0 |   1 |   22.0 |
               +--------+--------+--------+--------+--------+-----+--------+

Top non-repeatable levels by time:
     D:2: 959 daAuts
     D:1: 812 daAuts
     D:3: 22 daAuts
   Sewer: 22 daAuts
